Falcons vs Heat

Created - Tuesday, May 10, 2016 at 03:09

Goals
1 2 3 T
Falcons 0 1 0 1
Heat 0 1 1 2
Shots
1 2 3 T
Falcons 4 10 5 19
Heat 1 9 15 25

1st period

No Goal

Penalties :
Nathan Beaulieu (SPR) for High sticking (Minor) at 0:42, Tyson Strachan (STO) for Interference (Minor) at 8:48

2nd period

1. Heat , Seth Griffith 5 (Stephane Veilleux) at 9:31 (PP)
2. Falcons , Joey Hishon 1 (Jacob De La Rose) at 10:56

Penalties :
Jonathan Marchessault (SPR) for Hooking (Minor) at 1:04, Nathan Beaulieu (SPR) for Holding (Minor) at 8:20, Vincent Trocheck (SPR) for Hooking (Minor) at 11:54

3rd period

3. Heat , Andre Burakovsky 5 (Johan Larsson) at 2:24 (PP)

Penalties :
Nathan Beaulieu (SPR) for Interference (Minor) at 0:42, Nathan Beaulieu (SPR) for Holding (Minor) at 4:07, Michael Kostka (SPR) for Elbowing (Minor) at 8:28, Dmitrij Jaskin (SPR) for Roughing (Minor) at 11:31

Goalie Stats

Malcolm Subban (SPR), 23 saves from 25 shots - (0.920), L, 2-2-0, 59:00 minutes
Michael Leighton (STO), 18 saves from 19 shots - (0.947), W, 8-1-0, 60:00 minutes

Players Stats for Falcons

Player Name              G  A  P  +/- PIM S  H  SB GA TA FO     MP     PP MP  PK MP  
------------------------------------------------------------------------------------
Brandon Davidson         0  0  0   0  0   1  1  5  0  2  0/0    24:21   1:22   8:28 
Dmitrij Jaskin           0  0  0   0  2   0  1  0  2  0  0/0    14:25   1:07   0:10 
Emile Poirier            0  0  0   0  0   0  0  0  0  0  0/0     9:26   0:00   0:36 
Freddie Hamilton         0  0  0   0  0   2  1  0  1  0  1/1    18:37   0:52   4:04 
Greg Rallo               0  0  0   1  0   0  1  0  1  0  0/1    11:32   0:00   0:00 
Henrik Tommernes         0  0  0   0  0   0  0  0  0  1  0/0    14:56   0:37   1:14 
Jacob De La Rose         0  1  1   1  0   1  0  2  4  0  7/10   19:11   0:52   9:35 
Joey Hishon              1  0  1   1  0   3  0  0  1  0  1/1    15:12   0:00   2:59 
Jonathan Marchessault    0  0  0   0  2   1  0  0  1  1  0/0    14:18   0:22   0:00 
Markus Granlund          0  0  0   0  0   4  3  2  1  0  5/12   19:34   0:52   4:04 
Michael Kostka           0  0  0   1  2   0  1  0  0  1  0/0    20:45   0:00   5:05 
Nathan Beaulieu          0  0  0   0  8   0  1  0  0  2  0/0    23:20   1:22   4:48 
Robert Hagg              0  0  0   0  0   0  1  0  0  1  0/0    17:13   0:00   3:40 
Shane Harper             0  0  0   0  0   2  0  0  1  0  0/0     7:24   0:00   0:00 
Slater Koekkoek          0  0  0   0  0   0  0  0  0  0  0/0     0:00   0:00   0:00 
Tobias Rieder            0  0  0   0  0   1  3  0  1  2  0/1    21:14   0:45   8:02 
Ville Pokka              0  0  0   1  0   1  0  2  0  2  0/0    19:51   0:37   6:19 
Vincent Trocheck         0  0  0   0  2   3  0  0  1  0  2/7    13:46   1:07   0:04 

Players Stats for Heat

Player Name              G  A  P  +/- PIM S  H  SB GA TA FO     MP     PP MP  PK MP  
------------------------------------------------------------------------------------
Andre Burakovsky         1  0  1   0  0   5  0  0  3  0  0/0    16:52   7:29   0:00 
Brooks Laich             0  0  0  -1  0   0  1  0  0  2  0/0    16:30   7:29   0:00 
Corey Potter             0  0  0  -1  0   2  4  0  0  0  0/0    21:33   7:28   0:32 
Eric Boulton             0  0  0   0  0   1  0  0  0  0  1/1    10:50   0:00   0:00 
Jason Garrison           0  0  0   0  0   2  0  1  2  0  0/0    25:24   7:28   1:27 
Johan Larsson            0  1  1   0  0   0  1  0  0  1  6/10   16:52   7:29   0:00 
Keith Ballard            0  0  0   0  0   1  2  0  0  1  0/0    23:10   7:19   0:32 
Konrad Abeltshauser      0  0  0  -1  0   0  1  1  0  1  0/0    13:32   0:00   1:27 
Lucas Lessio             0  0  0   0  0   3  2  0  2  0  0/0    13:30   0:00   0:00 
Matt Ellis               0  0  0  -1  0   0  1  0  0  0  1/7    16:57   7:18   0:00 
Max Reinhart             0  0  0   0  0   0  0  0  1  1  5/8    14:12   0:00   1:07 
Michael Ferland          0  0  0   0  0   4  1  0  1  1  0/1    11:59   0:00   0:52 
Michael Ryder            0  0  0   0  0   2  1  0  5  0  0/0    14:12   0:00   1:07 
Seth Griffith            1  0  1  -1  0   2  0  0  3  0  0/0    16:07   7:18   0:00 
Stephane Veilleux        0  1  1   0  0   0  1  1  1  0  0/0    17:44   7:18   0:00 
Tyler Pitlick            0  0  0   0  0   2  0  0  6  0  4/6    11:59   0:00   0:52 
Tyler Wotherspoon        0  0  0   0  0   0  2  0  0  0  0/0    13:59   0:00   0:00 
Tyson Strachan           0  0  0   0  2   1  3  2  0  1  0/0    22:38   7:19   0:00 

3 Stars

1 - Michael Leighton (STO)
2 - Joey Hishon (SPR)
3 - Andre Burakovsky (STO)

Power Play

Falcons - 0 on 1 Attempt(s) - 0.00%
Heat - 2 on 8 Attempt(s) - 25.00%

Penalty Kill

Falcons - 6 on 8 Attempt(s) - 75.00% - Score 0 goal in Penalty Kill
Heat - 1 on 1 Attempt(s) - 100.00% - Score 0 goal in Penalty Kill

Team Stat

Falcons - Hits : 13 - Faceoff Wins : 16 - Blocked Shots : 11 - Penalty Minutes : 16
Heat - Hits : 20 - Faceoff Wins : 17 - Blocked Shots : 5 - Penalty Minutes : 2

Official

Referees : Unknown
Linesman : Unknown

Game Notes

No Game Note

Finance

Level 1 -- Attendance: 2000 (100.00%) -- Ticket Income $60,000
Level 2 -- Attendance: 1000 (100.00%) -- Ticket Income $10,000
Total Attendance: 3000 (100.00%)
Total Ticket Income: $70,000
Other Income: $34,300
Total Income: $104,300

Falcons

5 vs 5 Forward 
   Center                   Left Wing                Right Wing               Time % Phy DF OF 
 1 Vincent Trocheck         Dmitrij Jaskin           Tobias Rieder            35     1   2  2  
 2 Markus Granlund          Jonathan Marchessault    Freddie Hamilton         30     1   2  2  
 3 Joey Hishon              Jacob De La Rose         Greg Rallo               22     1   2  2  
 4 Tobias Rieder            Emile Poirier            Shane Harper             13     1   2  2  

5 vs 5 Defense 
   Defense                  Defense                                           Time % Phy DF OF 
 1 Nathan Beaulieu          Brandon Davidson                                  35     1   2  2  
 2 Michael Kostka           Ville Pokka                                       30     1   2  2  
 3 Henrik Tommernes         Robert Hagg                                       22     1   2  2  
 4 Michael Kostka           Nathan Beaulieu                                   13     1   2  2  

PowerPlay Forward 
   Center                   Left Wing                Right Wing               Time % Phy DF OF 
 1 Vincent Trocheck         Dmitrij Jaskin           Tobias Rieder            60     1   2  2  
 2 Markus Granlund          Jacob De La Rose         Freddie Hamilton         40     1   2  2  

PowerPlay Defense
   Defense                  Defense                                           Time % Phy DF OF 
 1 Nathan Beaulieu          Brandon Davidson                                  60     1   2  2  
 2 Henrik Tommernes         Ville Pokka                                       40     1   2  2  

Penalty Kill 4 Players Forward 
   Center                   Wing                     Time % Phy DF OF 
 1 Jacob De La Rose         Tobias Rieder            60     1   2  2  
 2 Markus Granlund          Freddie Hamilton         40     1   2  2  

Penalty Kill 4 Players Defense
   Defense                  Defense                  Time % Phy DF OF 
 1 Nathan Beaulieu          Brandon Davidson         60     1   2  2  
 2 Michael Kostka           Ville Pokka              40     1   2  2  

Penalty Kill - 3 Players Forward 
   Forward                                           Time % Phy DF OF 
 1 Jacob De La Rose                                  60     1   2  2  
 2 Markus Granlund                                   40     1   2  2  

Penalty Kill - 3 Players Defense
   Defense                  Defense                  Time % Phy DF OF 
 1 Nathan Beaulieu          Brandon Davidson         60     1   2  2  
 2 Michael Kostka           Ville Pokka              40     1   2  2  

4 vs 4 Forward 
   Center                   Wing                     Time % Phy DF OF 
 1 Vincent Trocheck         Jacob De La Rose         60     1   2  2  
 2 Markus Granlund          Dmitrij Jaskin           40     1   2  2  

4 vs 4 Defense
   Defense                  Defense                  Time % Phy DF OF 
 1 Nathan Beaulieu          Brandon Davidson         60     1   2  2  
 2 Henrik Tommernes         Ville Pokka              40     1   2  2  

Last Minutes Offensive
   Center                   Left Wing                Right Wing               Defense                  Defense                  
   Markus Granlund          Dmitrij Jaskin           Tobias Rieder            Nathan Beaulieu          Brandon Davidson         

Last Minutes Defensive
   Center                   Left Wing                Right Wing               Defense                  Defense                  
   Markus Granlund          Jacob De La Rose         Tobias Rieder            Nathan Beaulieu          Brandon Davidson         

Goaltenders
Starting : Malcolm Subban           
Backup : Christopher Gibson       

Extra Forwards
Normal : Joey Hishon, Emile Poirier, Greg Rallo - PP : Jonathan Marchessault, Shane Harper - PK : Joey Hishon
Extra Defensemen
Normal : Robert Hagg, Henrik Tommernes, Michael Kostka - PP : Robert Hagg - PK : Robert Hagg, Henrik Tommernes
Penalty Shots
Tobias Rieder, Dmitrij Jaskin, Vincent Trocheck, Markus Granlund, Jacob De La Rose

Heat

5 vs 5 Forward 
   Center                   Left Wing                Right Wing               Time % Phy DF OF 
 1 Johan Larsson            Stephane Veilleux        Andre Burakovsky         28     0   1  4  
 2 Matt Ellis               Brooks Laich             Seth Griffith            25     0   1  4  
 3 Max Reinhart             Lucas Lessio             Michael Ryder            25     0   1  4  
 4 Tyler Pitlick            Michael Ferland          Eric Boulton             22     1   2  2  

5 vs 5 Defense 
   Defense                  Defense                                           Time % Phy DF OF 
 1 Jason Garrison           Tyson Strachan                                    35     1   2  2  
 2 Keith Ballard            Tyler Wotherspoon                                 30     1   2  2  
 3 Konrad Abeltshauser      Corey Potter                                      25     1   2  2  
 4 Jason Garrison           Keith Ballard                                     10     1   2  2  

PowerPlay Forward 
   Center                   Left Wing                Right Wing               Time % Phy DF OF 
 1 Johan Larsson            Brooks Laich             Andre Burakovsky         50     0   0  5  
 2 Matt Ellis               Stephane Veilleux        Seth Griffith            50     0   0  5  

PowerPlay Defense
   Defense                  Defense                                           Time % Phy DF OF 
 1 Jason Garrison           Corey Potter                                      50     0   0  5  
 2 Keith Ballard            Tyson Strachan                                    50     0   0  5  

Penalty Kill 4 Players Forward 
   Center                   Wing                     Time % Phy DF OF 
 1 Tyler Pitlick            Michael Ferland          50     0   5  0  
 2 Max Reinhart             Michael Ryder            50     0   5  0  

Penalty Kill 4 Players Defense
   Defense                  Defense                  Time % Phy DF OF 
 1 Keith Ballard            Tyson Strachan           50     0   5  0  
 2 Jason Garrison           Konrad Abeltshauser      50     0   5  0  

Penalty Kill - 3 Players Forward 
   Forward                                           Time % Phy DF OF 
 1 Tyler Pitlick                                     50     0   5  0  
 2 Max Reinhart                                      50     0   5  0  

Penalty Kill - 3 Players Defense
   Defense                  Defense                  Time % Phy DF OF 
 1 Jason Garrison           Keith Ballard            50     0   5  0  
 2 Konrad Abeltshauser      Tyson Strachan           50     0   5  0  

4 vs 4 Forward 
   Center                   Wing                     Time % Phy DF OF 
 1 Matt Ellis               Andre Burakovsky         50     1   2  2  
 2 Johan Larsson            Seth Griffith            50     1   2  2  

4 vs 4 Defense
   Defense                  Defense                  Time % Phy DF OF 
 1 Jason Garrison           Corey Potter             50     1   2  2  
 2 Keith Ballard            Tyson Strachan           50     1   2  2  

Last Minutes Offensive
   Center                   Left Wing                Right Wing               Defense                  Defense                  
   Johan Larsson            Lucas Lessio             Andre Burakovsky         Jason Garrison           Keith Ballard            

Last Minutes Defensive
   Center                   Left Wing                Right Wing               Defense                  Defense                  
   Matt Ellis               Stephane Veilleux        Brooks Laich             Jason Garrison           Tyson Strachan           

Goaltenders
Starting : Michael Leighton         
Backup : Andrei Vasilevskiy       

Extra Forwards
Normal : Michael Ryder, Michael Ferland, Stephane Veilleux - PP : Michael Ryder, Michael Ferland - PK : Eric Boulton
Extra Defensemen
Normal : Keith Ballard, Corey Potter, Tyler Wotherspoon - PP : Konrad Abeltshauser - PK : Corey Potter, Tyler Wotherspoon
Penalty Shots
Michael Ryder, Lucas Lessio, Brooks Laich, Andre Burakovsky, Johan Larsson

% Time on Ice - Falcons

Lines # - Real PCT - Wanted PCT - Time Play
Normal Forward
1 - 30% - 35% - 12:45
2 - 33% - 30% - 14:04
3 - 19% - 22% - 8:05
4 - 17% - 13% - 7:24
Normal Defense
1 - 32% - 35% - 13:35
2 - 31% - 30% - 12:55
3 - 31% - 22% - 13:05
4 - 6% - 13% - 2:43
PP Forward
1 - 56% - 60% - 1:07
2 - 44% - 40% - 0:52
PP Defense
1 - 69% - 60% - 1:22
2 - 31% - 40% - 0:37
PK Forward
1 - 72% - 60% - 10:43
2 - 28% - 40% - 4:04
PK Defense
1 - 57% - 60% - 8:28
2 - 43% - 40% - 6:19
PK3 Forward
1 - 0% - 60%
2 - 0% - 40%
PK3 Defense
1 - 0% - 60%
2 - 0% - 40%
44 Forward
1 - 0% - 60%
2 - 0% - 40%
44 Defense
1 - 0% - 60%
2 - 0% - 40%
Last Minute Offensive  - 0:56
Last Minute Defensive  - 0:00
Total
Forward - 60:00
Defense - 60:00

% Time on Ice - Heat

Lines # - Real PCT - Wanted PCT - Time Play
Normal Forward
1 - 23% - 28% - 9:40
2 - 21% - 25% - 8:49
3 - 31% - 25% - 13:05
4 - 26% - 22% - 10:50
Normal Defense
1 - 36% - 35% - 15:17
2 - 32% - 30% - 13:43
3 - 28% - 25% - 12:05
4 - 3% - 10% - 1:19
PP Forward
1 - 51% - 50% - 7:29
2 - 49% - 50% - 7:18
PP Defense
1 - 51% - 50% - 7:28
2 - 49% - 50% - 7:19
PK Forward
1 - 44% - 50% - 0:52
2 - 56% - 50% - 1:07
PK Defense
1 - 27% - 50% - 0:32
2 - 73% - 50% - 1:27
PK3 Forward
1 - 0% - 50%
2 - 0% - 50%
PK3 Defense
1 - 0% - 50%
2 - 0% - 50%
44 Forward
1 - 0% - 50%
2 - 0% - 50%
44 Defense
1 - 0% - 50%
2 - 0% - 50%
Last Minute Offensive  - 0:00
Last Minute Defensive  - 0:50
Total
Forward - 60:00
Defense - 60:00

Play by Play

1st period


0:01 of 1st period - Johan Larsson wins face-off versus Vincent Trocheck in neutral zone.
0:22 of 1st period - Wrist shot by Andre Burakovsky.
0:22 of 1st period - Shot Misses the Net.
0:24 of 1st period - Wrist shot by Andre Burakovsky.
0:24 of 1st period - Stopped by Malcolm Subban with a rebound.
0:42 of 1st period - Minor Penalty to Nathan Beaulieu for High sticking.
0:43 of 1st period - Jacob De La Rose wins face-off versus Matt Ellis in Falcons zone.
0:56 of 1st period - Ville Pokka is hit by Matt Ellis and loses puck.
2:42 of 1st period - Penalty to Nathan Beaulieu is over, Nathan Beaulieu is back on ice.
3:17 of 1st period - Wrist shot by Michael Ryder.
3:17 of 1st period - Shot Misses the Net.
3:19 of 1st period - Snap shot by Max Reinhart.
3:19 of 1st period - Deflect By Freddie Hamilton.
3:19 of 1st period - Shot Misses the Net.
3:19 of 1st period - Puck is out of play.
3:20 of 1st period - Markus Granlund wins face-off versus Max Reinhart in Falcons zone.
4:26 of 1st period - Ville Pokka is hit by Keith Ballard and loses puck.
5:50 of 1st period - Nathan Beaulieu is hit by Corey Potter and loses puck.
7:26 of 1st period - Wrist shot by Joey Hishon.
7:26 of 1st period - Stopped by Michael Leighton with a rebound.
8:38 of 1st period - Snap shot by Shane Harper.
8:38 of 1st period - Shot Misses the Net.
8:40 of 1st period - Wrist shot by Tobias Rieder.
8:40 of 1st period - Shot Misses the Net.
8:42 of 1st period - Wrist shot by Shane Harper.
8:42 of 1st period - Stopped by Michael Leighton with a rebound.
8:44 of 1st period - Slapshot by Brandon Davidson.
8:44 of 1st period - Deflect By Tobias Rieder.
8:44 of 1st period - Shot Hit the Post.
8:44 of 1st period - Puck is out of play.
8:45 of 1st period - Eric Boulton wins face-off versus Tobias Rieder in Heat zone.
8:45 of 1st period - Eric Boulton is hit by Tobias Rieder.
8:48 of 1st period - Minor Penalty to Tyson Strachan for Interference.
8:49 of 1st period - Vincent Trocheck wins face-off versus Tyler Pitlick in Heat zone.
9:40 of 1st period - Max Reinhart is hit by Freddie Hamilton and loses puck.
10:48 of 1st period - Penalty to Tyson Strachan is over, Tyson Strachan is back on ice.
12:09 of 1st period - Henrik Tommernes is hit by Konrad Abeltshauser and loses puck.
12:43 of 1st period - Emile Poirier is hit by Tyler Wotherspoon and loses puck.
12:55 of 1st period - Icing by Lucas Lessio.
12:56 of 1st period - Max Reinhart wins face-off versus Markus Granlund in Heat zone.
13:09 of 1st period - Slapshot by Jason Garrison.
13:09 of 1st period - Deflect By Tyler Pitlick.
13:09 of 1st period - Shot Misses the Net.
13:09 of 1st period - Puck is out of play.
13:10 of 1st period - Joey Hishon wins face-off versus Tyler Pitlick in Falcons zone.
14:05 of 1st period - Jason Garrison is hit by Greg Rallo and loses puck.
14:47 of 1st period - Slapshot by Johan Larsson.
14:47 of 1st period - Shot Misses the Net.
15:03 of 1st period - Nathan Beaulieu is hit by Corey Potter and loses puck.
15:27 of 1st period - Robert Hagg is hit by Lucas Lessio and loses puck.
15:38 of 1st period - Slapshot by Lucas Lessio.
15:38 of 1st period - Shot Misses the Net.
17:22 of 1st period - Slapshot by Dmitrij Jaskin.
17:22 of 1st period - Shot Misses the Net.
19:06 of 1st period - Wrist shot by Vincent Trocheck.
19:06 of 1st period - Shot Misses the Net.
19:08 of 1st period - Slapshot by Ville Pokka.
19:08 of 1st period - Shot Misses the Net.
19:10 of 1st period - Slapshot by Ville Pokka.
19:10 of 1st period - Stopped by Michael Leighton with a rebound.
19:12 of 1st period - Slapshot by Vincent Trocheck.
19:12 of 1st period - Stopped by Michael Leighton without a rebound.
19:13 of 1st period - Vincent Trocheck wins face-off versus Johan Larsson in Heat zone.
19:49 of 1st period - Brandon Davidson is hit by Michael Ryder and loses puck.
Goals for this period are 0 for Falcons vs 0 for Heat.
Shots for this period are 4 for Falcons vs 1 for Heat.

2nd period


0:01 of 2nd period - Tyler Pitlick wins face-off versus Vincent Trocheck in neutral zone.
0:20 of 2nd period - Wrist shot by Michael Ferland.
0:20 of 2nd period - Deflect By Tyler Pitlick.
0:20 of 2nd period - Shot Blocked by Brandon Davidson.
0:20 of 2nd period - Puck is out of play.
0:21 of 2nd period - Max Reinhart wins face-off versus Markus Granlund in Falcons zone.
0:40 of 2nd period - Snap shot by Markus Granlund.
0:40 of 2nd period - Shot Misses the Net.
0:48 of 2nd period - Snap shot by Michael Ryder.
0:48 of 2nd period - Deflect By Lucas Lessio.
0:48 of 2nd period - Stopped by Malcolm Subban with a rebound.
0:50 of 2nd period - Wrist shot by Lucas Lessio.
0:50 of 2nd period - Stopped by Malcolm Subban with a rebound.
0:52 of 2nd period - Slapshot by Michael Ryder.
0:52 of 2nd period - Shot Misses the Net.
0:54 of 2nd period - Wrist shot by Corey Potter.
0:54 of 2nd period - Shot Blocked by Ville Pokka.
0:56 of 2nd period - Wrist shot by Michael Ryder.
0:56 of 2nd period - Shot Misses the Net.
0:58 of 2nd period - Slapshot by Michael Ryder.
0:58 of 2nd period - Shot Misses the Net.
1:04 of 2nd period - Minor Penalty to Jonathan Marchessault for Hooking.
1:05 of 2nd period - Johan Larsson wins face-off versus Jacob De La Rose in Falcons zone.
1:14 of 2nd period - Wrist shot by Andre Burakovsky.
1:14 of 2nd period - Stopped by Malcolm Subban without a rebound.
1:15 of 2nd period - Johan Larsson wins face-off versus Jacob De La Rose in Falcons zone.
2:24 of 2nd period - Tobias Rieder is hit by Tyson Strachan and loses puck.
3:04 of 2nd period - Penalty to Jonathan Marchessault is over, Jonathan Marchessault is back on ice.
3:15 of 2nd period - Snap shot by Michael Ferland.
3:15 of 2nd period - Stopped by Malcolm Subban without a rebound.
3:16 of 2nd period - Tyler Pitlick wins face-off versus Markus Granlund in Falcons zone.
3:27 of 2nd period - Slapshot by Michael Ferland.
3:27 of 2nd period - Stopped by Malcolm Subban with a rebound.
3:53 of 2nd period - Snap shot by Vincent Trocheck.
3:53 of 2nd period - Stopped by Michael Leighton with a rebound.
3:55 of 2nd period - Snap shot by Vincent Trocheck.
3:55 of 2nd period - Stopped by Michael Leighton with a rebound.
4:37 of 2nd period - Snap shot by Freddie Hamilton.
4:37 of 2nd period - Stopped by Michael Leighton without a rebound.
4:38 of 2nd period - Freddie Hamilton wins face-off versus Max Reinhart in Heat zone.
4:45 of 2nd period - Tyson Strachan is hit by Markus Granlund and loses puck.
5:00 of 2nd period - Ville Pokka is hit by Tyson Strachan and loses puck.
5:46 of 2nd period - Slapshot by Brooks Laich.
5:46 of 2nd period - Shot Misses the Net.
6:22 of 2nd period - Wrist shot by Tobias Rieder.
6:22 of 2nd period - Deflect By Shane Harper.
6:22 of 2nd period - Stopped by Michael Leighton with a rebound.
6:24 of 2nd period - Slapshot by Brandon Davidson.
6:24 of 2nd period - Shot Blocked by Konrad Abeltshauser.
6:26 of 2nd period - Slapshot by Brandon Davidson.
6:26 of 2nd period - Stopped by Michael Leighton with a rebound.
8:20 of 2nd period - Minor Penalty to Nathan Beaulieu for Holding.
8:21 of 2nd period - Jacob De La Rose wins face-off versus Matt Ellis in Falcons zone.
9:06 of 2nd period - Wrist shot by Joey Hishon.
9:06 of 2nd period - Shot Blocked by Tyson Strachan.
9:31 of 2nd period - Wrist shot by Seth Griffith.
9:31 of 2nd period - Goal by Seth Griffith - Falcons : 0 - Heat : 1.
9:32 of 2nd period - Max Reinhart wins face-off versus Markus Granlund in neutral zone.
9:55 of 2nd period - Snap shot by Markus Granlund.
9:55 of 2nd period - Shot Hit the Post.
10:03 of 2nd period - Max Reinhart is hit by Nathan Beaulieu and loses puck.
10:40 of 2nd period - Slapshot by Michael Ferland.
10:40 of 2nd period - Shot Misses the Net.
10:42 of 2nd period - Snap shot by Tyler Pitlick.
10:42 of 2nd period - Stopped by Malcolm Subban with a rebound.
10:46 of 2nd period - Snap shot by Tyler Pitlick.
10:46 of 2nd period - Stopped by Malcolm Subban without a rebound.
10:47 of 2nd period - Jacob De La Rose wins face-off versus Matt Ellis in Falcons zone.
10:56 of 2nd period - Snap shot by Joey Hishon.
10:56 of 2nd period - Goal by Joey Hishon - Falcons : 1 - Heat : 1.
10:57 of 2nd period - Johan Larsson wins face-off versus Markus Granlund in neutral zone.
11:13 of 2nd period - Snap shot by Jonathan Marchessault.
11:13 of 2nd period - Stopped by Michael Leighton with a rebound.
11:54 of 2nd period - Minor Penalty to Vincent Trocheck for Hooking.
11:55 of 2nd period - Matt Ellis wins face-off versus Jacob De La Rose in Falcons zone.
12:47 of 2nd period - Slapshot by Jacob De La Rose.
12:47 of 2nd period - Shot Misses the Net.
12:49 of 2nd period - Slapshot by Michael Kostka.
12:49 of 2nd period - Shot Misses the Net.
13:15 of 2nd period - Slapshot by Jason Garrison.
13:15 of 2nd period - Stopped by Malcolm Subban with a rebound.
13:54 of 2nd period - Penalty to Vincent Trocheck is over, Vincent Trocheck is back on ice.
14:44 of 2nd period - Robert Hagg is hit by Lucas Lessio and loses puck.
15:14 of 2nd period - Icing by Keith Ballard.
15:15 of 2nd period - Markus Granlund wins face-off versus Michael Ferland in Heat zone.
15:16 of 2nd period - Snap shot by Freddie Hamilton.
15:16 of 2nd period - Stopped by Michael Leighton without a rebound.
15:17 of 2nd period - Tyler Pitlick wins face-off versus Markus Granlund in Heat zone.
15:58 of 2nd period - Snap shot by Vincent Trocheck.
15:58 of 2nd period - Shot Blocked by Jason Garrison.
16:00 of 2nd period - Wrist shot by Dmitrij Jaskin.
16:00 of 2nd period - Shot Misses the Net.
16:02 of 2nd period - Slapshot by Brandon Davidson.
16:02 of 2nd period - Deflect By Tobias Rieder.
16:02 of 2nd period - Stopped by Michael Leighton with a rebound.
16:40 of 2nd period - Corey Potter is hit by Michael Kostka and loses puck.
18:00 of 2nd period - Brooks Laich is hit by Robert Hagg and loses puck.
18:17 of 2nd period - Wrist shot by Andre Burakovsky.
18:17 of 2nd period - Shot Misses the Net.
18:25 of 2nd period - Tyson Strachan is hit by Markus Granlund and loses puck.
18:40 of 2nd period - Slapshot by Jacob De La Rose.
18:40 of 2nd period - Stopped by Michael Leighton with a rebound.
18:42 of 2nd period - Wrist shot by Jacob De La Rose.
18:42 of 2nd period - Shot Misses the Net.
19:45 of 2nd period - Brooks Laich is hit by Brandon Davidson and loses puck.
Goals for this period are 1 for Falcons vs 1 for Heat.
Shots for this period are 10 for Falcons vs 9 for Heat.

3rd period


0:01 of 3rd period - Johan Larsson wins face-off versus Vincent Trocheck in neutral zone.
0:22 of 3rd period - Wrist shot by Andre Burakovsky.
0:22 of 3rd period - Shot Blocked by Brandon Davidson.
0:24 of 3rd period - Slapshot by Andre Burakovsky.
0:24 of 3rd period - Stopped by Malcolm Subban with a rebound.
0:42 of 3rd period - Minor Penalty to Nathan Beaulieu for Interference.
0:43 of 3rd period - Jacob De La Rose wins face-off versus Matt Ellis in Falcons zone.
1:08 of 3rd period - Wrist shot by Matt Ellis.
1:08 of 3rd period - Shot Misses the Net.
1:10 of 3rd period - Slapshot by Stephane Veilleux.
1:10 of 3rd period - Shot Misses the Net.
1:12 of 3rd period - Slapshot by Corey Potter.
1:12 of 3rd period - Deflect By Jacob De La Rose.
1:12 of 3rd period - Stopped by Malcolm Subban with a rebound.
2:24 of 3rd period - Snap shot by Andre Burakovsky.
2:24 of 3rd period - Goal by Andre Burakovsky - Falcons : 1 - Heat : 2.
2:25 of 3rd period - Markus Granlund wins face-off versus Max Reinhart in neutral zone.
2:32 of 3rd period - Freddie Hamilton is hit by Tyler Wotherspoon and loses puck.
2:41 of 3rd period - Snap shot by Michael Ryder.
2:41 of 3rd period - Shot Blocked by Markus Granlund.
2:43 of 3rd period - Wrist shot by Lucas Lessio.
2:43 of 3rd period - Shot Misses the Net.
3:25 of 3rd period - Snap shot by Joey Hishon.
3:25 of 3rd period - Stopped by Michael Leighton with a rebound.
4:07 of 3rd period - Minor Penalty to Nathan Beaulieu for Holding.
4:08 of 3rd period - Jacob De La Rose wins face-off versus Johan Larsson in Falcons zone.
4:08 of 3rd period - Jacob De La Rose is hit by Corey Potter.
5:07 of 3rd period - Snap shot by Seth Griffith.
5:07 of 3rd period - Stopped by Malcolm Subban with a rebound.
5:11 of 3rd period - Wrist shot by Seth Griffith.
5:11 of 3rd period - Shot Blocked by Brandon Davidson.
5:13 of 3rd period - Slapshot by Jason Garrison.
5:13 of 3rd period - Stopped by Malcolm Subban with a rebound.
5:31 of 3rd period - Snap shot by Johan Larsson.
5:31 of 3rd period - Deflect By Andre Burakovsky.
5:31 of 3rd period - Stopped by Malcolm Subban with a rebound.
5:49 of 3rd period - Slapshot by Seth Griffith.
5:49 of 3rd period - Shot Blocked by Jacob De La Rose.
5:53 of 3rd period - Snap shot by Seth Griffith.
5:53 of 3rd period - Shot Blocked by Jacob De La Rose.
5:55 of 3rd period - Slapshot by Jason Garrison.
5:55 of 3rd period - Shot Blocked by Brandon Davidson.
5:57 of 3rd period - Slapshot by Jason Garrison.
5:57 of 3rd period - Shot Misses the Net.
6:07 of 3rd period - Penalty to Nathan Beaulieu is over, Nathan Beaulieu is back on ice.
6:19 of 3rd period - Snap shot by Johan Larsson.
6:19 of 3rd period - Shot Blocked by Brandon Davidson.
6:21 of 3rd period - Slapshot by Corey Potter.
6:21 of 3rd period - Stopped by Malcolm Subban with a rebound.
6:56 of 3rd period - Markus Granlund is hit by Michael Ferland and loses puck.
7:37 of 3rd period - Slapshot by Michael Ryder.
7:37 of 3rd period - Stopped by Malcolm Subban with a rebound.
7:39 of 3rd period - Snap shot by Keith Ballard.
7:39 of 3rd period - Stopped by Malcolm Subban without a rebound.
7:40 of 3rd period - Max Reinhart wins face-off versus Greg Rallo in Falcons zone.
7:43 of 3rd period - Wrist shot by Lucas Lessio.
7:43 of 3rd period - Stopped by Malcolm Subban with a rebound.
7:59 of 3rd period - Snap shot by Michael Ryder.
7:59 of 3rd period - Stopped by Malcolm Subban with a rebound.
8:17 of 3rd period - Wrist shot by Jason Garrison.
8:17 of 3rd period - Shot Blocked by Ville Pokka.
8:19 of 3rd period - Snap shot by Michael Ferland.
8:19 of 3rd period - Stopped by Malcolm Subban without a rebound.
8:20 of 3rd period - Tyler Pitlick wins face-off versus Markus Granlund in Falcons zone.
8:28 of 3rd period - Minor Penalty to Michael Kostka for Elbowing.
8:29 of 3rd period - Jacob De La Rose wins face-off versus Matt Ellis in Falcons zone.
9:39 of 3rd period - Snap shot by Andre Burakovsky.
9:39 of 3rd period - Shot Misses the Net.
9:41 of 3rd period - Snap shot by Brooks Laich.
9:41 of 3rd period - Shot Blocked by Markus Granlund.
10:01 of 3rd period - Jason Garrison is hit by Tobias Rieder and loses puck.
10:28 of 3rd period - Penalty to Michael Kostka is over, Michael Kostka is back on ice.
11:10 of 3rd period - Snap shot by Michael Ferland.
11:10 of 3rd period - Shot Misses the Net.
11:12 of 3rd period - Slapshot by Tyson Strachan.
11:12 of 3rd period - Stopped by Malcolm Subban without a rebound.
11:13 of 3rd period - Max Reinhart wins face-off versus Vincent Trocheck in Falcons zone.
11:31 of 3rd period - Minor Penalty to Dmitrij Jaskin for Roughing.
11:32 of 3rd period - Jacob De La Rose wins face-off versus Matt Ellis in Falcons zone.
12:34 of 3rd period - Joey Hishon is hit by Keith Ballard and loses puck.
12:45 of 3rd period - Freddie Hamilton is hit by Stephane Veilleux and loses puck.
13:11 of 3rd period - Brandon Davidson is hit by Brooks Laich and loses puck.
13:31 of 3rd period - Penalty to Dmitrij Jaskin is over, Dmitrij Jaskin is back on ice.
13:33 of 3rd period - Ville Pokka is hit by Corey Potter and loses puck.
13:58 of 3rd period - Tyler Pitlick is hit by Dmitrij Jaskin and loses puck.
14:11 of 3rd period - Snap shot by Tyler Pitlick.
14:11 of 3rd period - Shot Misses the Net.
14:13 of 3rd period - Snap shot by Eric Boulton.
14:13 of 3rd period - Stopped by Malcolm Subban with a rebound.
15:03 of 3rd period - Greg Rallo is hit by Tyson Strachan and loses puck.
15:21 of 3rd period - Icing by Max Reinhart.
15:22 of 3rd period - Markus Granlund wins face-off versus Johan Larsson in Heat zone.
15:23 of 3rd period - Wrist shot by Freddie Hamilton.
15:23 of 3rd period - Shot Misses the Net.
15:25 of 3rd period - Snap shot by Brandon Davidson.
15:25 of 3rd period - Shot Blocked by Stephane Veilleux.
15:27 of 3rd period - Wrist shot by Markus Granlund.
15:27 of 3rd period - Stopped by Michael Leighton with a rebound.
17:10 of 3rd period - Snap shot by Tyler Pitlick.
17:10 of 3rd period - Deflect By Michael Ferland.
17:10 of 3rd period - Stopped by Malcolm Subban with a rebound.
17:31 of 3rd period - Slapshot by Markus Granlund.
17:31 of 3rd period - Stopped by Michael Leighton without a rebound.
17:32 of 3rd period - Markus Granlund wins face-off versus Johan Larsson in Heat zone.
17:33 of 3rd period - Snap shot by Freddie Hamilton.
17:33 of 3rd period - Deflect By Markus Granlund.
17:33 of 3rd period - Stopped by Michael Leighton with a rebound.
17:35 of 3rd period - Snap shot by Markus Granlund.
17:35 of 3rd period - Stopped by Michael Leighton with a rebound.
17:49 of 3rd period - Stephane Veilleux is hit by Tobias Rieder and loses puck.
17:55 of 3rd period - Icing by Johan Larsson.
17:56 of 3rd period - Johan Larsson wins face-off versus Vincent Trocheck in Heat zone.
18:06 of 3rd period - Ville Pokka is hit by Johan Larsson.
19:00 of 3rd period - Falcons, Malcolm Subban is pulled from the net.
19:00 of 3rd period - Snap shot by Tobias Rieder.
19:00 of 3rd period - Shot Blocked by Tyson Strachan.
19:46 of 3rd period - Stephane Veilleux is hit by Markus Granlund and loses puck.
Goals for this period are 0 for Falcons vs 1 for Heat.
Shots for this period are 5 for Falcons vs 15 for Heat.